 Dungeon Crawl Stone Soup version bcrawl-1.41.1 (webtiles) character file.

Game seed: 11200200524994275202

152090 Grimmash the Sneak (level 5, 0/53 HPs)
             Began as an Ent Archaeologist on Apr 20, 2024.
             Slain by an orc wizard
             ... wielding a +0 dagger
              (2 damage)
             ... on level 4 of the Dungeon.
             The game lasted 00:04:01 (3062 turns).

Grimmash the Sneak (Ent Archaeologist)              Turns: 3062, Time: 00:04:02

Health: 0/53       AC: 13    Str: 19    XL:     5   Next: 77%
Magic:  7/7        EV: 10    Int: 20    God:
Gold:   198        SH:  0    Dex:  8    Spells: 7/7 levels left

rFire    . . .     GDR:     29% a - +0 flail
rCold    . . .     SeeInvis .   (no shield)
rNeg     + + +     Gourm    .   (armour unavailable)
rPois    +         Faith    .   c - +1 hat
rElec    .         Spirit   .   (no cloak)
rCorr    .         Reflect  .   (gloves unavailable)
MR       .....                  (boots unavailable)
Stlth    ++........             (no amulet)
HPRegen  0.18/turn              (no ring)
MPRegen  0.10/turn              (no ring)

@: brilliant, studying Axes, very slow
A: large, slow actions, passwall, strong branches, negative energy resistance 3,
poison resistance, slow metabolism 1, torment resistance, unbreathing, AC +12
a: Passwall


You were on level 4 of the Dungeon.
You were hungry.

You visited 2 branches of the dungeon, and saw 5 of its levels.

You collected 198 gold pieces.

Inventory:

Hand Weapons
 a - a +0 flail (weapon)
 b - a +0 hand axe of freezing
 p - a +0 blowgun
Missiles
 d - 5 curare-tipped needles
 h - 167 poisoned needles
 v - 123 javelins of penetration {=f}
 y - 67 large rocks (quivered)
Armour
 c - a +1 hat (worn)
Scrolls
 g - a scroll of revelation
 i - 4 scrolls of identify
 k - 2 scrolls of remove curse
 l - 2 scrolls of teleportation {unknown}
 m - 2 scrolls of enchant armour {unknown}
 q - 2 scrolls of immolation
 s - a scroll of fear {unknown}
 u - a scroll of noise {unknown}
 x - a scroll of amnesia {unknown}
Potions
 j - 2 potions of agility {unknown}
 n - a potion of brilliance
 o - a potion of heal wounds {unknown}
 r - a potion of lignification {unknown}
 t - a potion of berserk rage {unknown}
 z - a potion of ambrosia {unknown}
 A - a potion of flight {unknown}
Comestibles
 e - 9 rations {!d}


   Skills:
 * Level 2.2 Fighting
 * Level 1.2(1.7) Axes
 * Level 3.2(3.5) Maces & Flails
 * Level 4.1 Dodging
 + Level 4.2 Stealth
 * Level 1.7 Spellcasting


You had 7 spell levels left.
You didn't know any spells.
Your spell library contained the following spells:

 Spells                   Type           Power        Failure   Level  Hunger
 Slow                     Hex            ##......     1%          1    None
 Ensorcelled Hibernation  Hex/Ice        ##....       3%          2    ###....
 Confuse                  Hex            ##......     5%          3    ####...
 Dazzling Orbs            Conj/Hex       ##.....      5%          3    ####...
 Tukima's Dance           Hex            ##......     5%          3    ####...
 Cause Fear               Hex            ##........   17%         4    ######.


Dungeon Overview and Level Annotations

Branches:
Dungeon (4/12)             Temple (1/1) D:4

Altars:
Dithmenos
Elyvilon
Gozag
Hepliaklqana
Lugonu
Nemelex Xobeh
Trog
Uskayaw
Vehumet
Wu Jian
Xom
Yredelemnul
Zin


Innate Abilities, Weirdness & Mutations

You move and act slowly.
You can pass through walls and trees.
Your branches can wield two-handed weapons with a shield.
Your thick bark is tough. (AC +12)
You are too large for most types of armour.
You are immune to negative energy. (rN+++)
Your system is resistant to poisons. (rPois)
You have a slow metabolism.
You are immune to unholy pain and torment.
You can survive without breathing.


Message History

You hear some strange, mumbled words.
A puff of flame appears from out of thin air!
The puff of flame misses you. Something hits you.
* * * LOW HITPOINT WARNING * * *
Something hits you.
* * * LOW HITPOINT WARNING * * *
No path to travel!
You barely miss something.
You hear some strange, mumbled words.
A puff of flame appears from out of thin air!
The puff of flame hits you!
* * * LOW HITPOINT WARNING * * *
Something hits you but does no damage. x2
The orc shouts!
No path to travel!
It was a potion of brilliance.
You feel clever all of a sudden.
You hear a shout!
Something hits you but does no damage. Something hits you.
You die...

## #. ##.
#.########..
#...........
#####.####.. ## #.#
###
##.##########.#####
#..@{oo).$........#
##.##o...........>#
## #.#####.#####.#
...# #.# # #####
..# .### #. .


You could see 3 orcs.

Vanquished Creatures
  A hound (D:4)
  An orc wizard (D:3)
  Natasha (twice) (D:3)
  3 adders
  An ooze (D:1)
  An adder skeleton (D:4)
  4 worms
  2 dart slugs (D:2)
  2 leopard geckos
  9 orcs
  5 giant cockroaches
  6 goblins
  7 hobgoblins
  6 jackals
  A quokka (D:2)
  A ball python (D:1)
  5 bats
  4 frilled lizards
  5 kobolds
  3 rats
69 creatures vanquished.

Notes
Turn   | Place    | Note
-------+----------+-------------------------------------------
     0 | D:1      | Grimmash the Ent Archaeologist began the quest for the Orb.
     0 | D:1      | Reached XP level 1. HP: 21/21 MP: 1/1
   247 | D:1      | Reached XP level 2. HP: 20/29 MP: 2/2
   746 | D:2      | Reached XP level 3. HP: 36/36 MP: 3/3
  1315 | D:2      | Reached skill level 1 in Spellcasting
  1552 | D:2      | Reached XP level 4. HP: 34/46 MP: 5/5
  1873 | D:3      | Found a faded altar of an unknown god.
  2053 | D:3      | Reached XP level 5. HP: 49/53 MP: 7/7
  2053 | D:3      | Identified a scroll of acquirement
  2272 | D:3      | Noticed Natasha
  2280 | D:3      | Killed Natasha
  2281 | D:3      | Reached skill level 1 in Axes
  2631 | D:3      | Noticed Natasha
  2635 | D:3      | Killed Natasha
  2792 | D:4      | Found a staircase to the Ecumenical Temple.
  2808 | D:4      | Identified the ring of Xuuheut {rC+ EV+3} (You acquired it
                  | on level 4 of the Dungeon)
  2813 | Temple   | Entered the Ecumenical Temple
  3061 | D:4      | HP: 1/53 [something/puff of flame (7)]
  3062 | D:4      | Slain by an orc wizard

Skill      XL: |  1  2  3  4  5 |
---------------+----------------+-----
Dodging        | 3 4 |  4.1
Maces & Flails | 2 3 |  3.2
Stealth        | 4 |  4.2
Spellcasting   | 1 |  1.7
Fighting       | 2 |  2.2
Axes           | 1 |  1.2

Action                   |  1- 3 |  4- 6 || total
-------------------------+-------+-------++-------
Melee: Whip              |   108 |       ||   108
       Hand axe          |    77 |    46 ||   123
       Flail             |       |    79 ||    79
 Fire: Blowgun           |       |     1 ||     1
  Use: Scroll            |     2 |     1 ||     3
       Potion            |       |     1 ||     1
 Stab: Sleeping          |     2 |     2 ||     4
  Eat: Chunk             |     5 |    10 ||    15
Armor: Skin              |   106 |   121 ||   227
Dodge: Dodged            |   133 |   102 ||   235
